 Dungeon Crawl Stone Soup version 0.27.0-1-g7a089689b8 (webtiles) character file.

Game seed: 13019277821656066758

471 kobby the Covered (level 7, 0/52 HPs)
             Began as a Gnoll Wanderer on Aug 9, 2021.
             Was an Initiate of the Shining One.
             Slain by a gnoll (3 damage)
             ... on level 4 of the Dungeon.
             The game lasted 00:10:34 (4533 turns).

kobby the Covered (Gnoll Wanderer)                  Turns: 4533, Time: 00:10:35

Health: 0/52       AC:  9    Str: 18    XL:     7   Next: 9%
Magic:  12/12      EV: 10    Int: 11    God:    the Shining One [......]
Gold:   193        SH:  5    Dex:  9    Spells: 13/13 levels left

rFire    . . .     SeeInvis .   a - +1 mace (elec)
rCold    . . .     Faith    .   (no shield)
rNeg     . . .     Spirit   .   b - +2 scale mail
rPois    .         Reflect  +   (no helmet)
rElec    .         Harm     .   (no cloak)
rCorr    .         Rampage  .   (no gloves)
Will     .....                  (no boots)
Stlth    +.........             d - amulet of reflection
HPRegen  0.17/turn              (no ring)
MPRegen  0.13/turn              (no ring)

@: glowing
A: fangs 1, strong nose, distributed training, claws 1, clever 1
a: Renounce Religion


You were on level 4 of the Dungeon.
You worshipped the Shining One.
The Shining One was noncommittal.
You visited 1 branch of the dungeon, and saw 4 of its levels.

You collected 193 gold pieces.

Inventory:

Hand Weapons
 a - a +1 mace of electrocution (weapon)
 l - a +1 mace of holy wrath
Missiles
 i - 5 curare-tipped darts (quivered)
Armour
 b - a +2 scale mail (worn)
Jewellery
 d - an amulet of reflection (around neck)
 k - a ring of ice
 n - an amulet of the acrobat
Wands
 o - a wand of paralysis (11)
Scrolls
 e - 7 scrolls of identify
 f - 4 scrolls of amnesia
 h - 2 scrolls of brand weapon
Potions
 c - a potion of brilliance
 g - a potion of attraction {unknown}
 j - a potion of flight {unknown}
 m - 2 potions of magic {unknown}


   Skills:
 + Level 3.4 Fighting
 + Level 2.2 Short Blades
 + Level 2.2 Long Blades
 + Level 2.2 Axes
 + Level 5.1 Maces & Flails
 + Level 2.2 Polearms
 + Level 2.2 Staves
 + Level 2.2 Slings
 + Level 2.2 Bows
 + Level 2.2 Crossbows
 + Level 3.4 Throwing
 + Level 5.1 Armour
 + Level 2.2 Dodging
 + Level 3.3 Stealth
 + Level 2.2 Shields
 + Level 2.2 Unarmed Combat
 + Level 3.6 Spellcasting
 + Level 1.8 Conjurations
 + Level 4.2 Hexes
 + Level 1.8 Summonings
 + Level 1.8 Necromancy
 + Level 1.8 Translocations
 + Level 1.8 Transmutations
 + Level 1.8 Fire Magic
 + Level 1.8 Ice Magic
 + Level 1.8 Air Magic
 + Level 1.8 Earth Magic
 + Level 1.8 Poison Magic
 + Level 2.5 Invocations
 + Level 2.2 Evocations


You had 13 spell levels left.
You didn't know any spells.
Your spell library contained the following spells:

 Spells                   Type           Power      Damage    Failure   Level
 Corona                   Hex            12%        N/A       12%         1
 Ensorcelled Hibernation  Hex/Ice        16%        N/A       30%         2
 Tukima's Dance           Hex            11%        N/A       36%         3


Dungeon Overview and Level Annotations

Branches:
Dungeon (4/15)             Temple (0/1) D:4

Altars:
Gozag
Qazlal
The Shining One

Shops:
D:3 [


Innate Abilities, Weirdness & Mutations

You have very sharp teeth.
Your uncanny sense of smell can sniff out nearby items.
Your experience applies equally to all skills.
You have sharp fingernails.
Your mind is acute. (Int +2)


Message History

The gnoll is moderately wounded.
The gnoll hits you with a +0 spear.
You hit the gnoll.
The gnoll is severely wounded.
You block the gnoll's attack.
You hit the gnoll.
The gnoll is severely wounded.
The gnoll closely misses you.
You hit the gnoll.
The gnoll is almost dead.
The gnoll closely misses you.
A gnoll comes into view. It is wielding a +0 whip.
You closely miss the gnoll.
The gnoll is severely wounded.
The gnoll shouts!
You hear a shout! x2
You block the gnoll's attack.
You closely miss the gnoll.
The gnoll is severely wounded.
The gnoll hits you with a +0 spear.
An orc comes into view.
It is wielding a +1 trident of protection.
You are too injured to fight recklessly!
You sock the gnoll!
You kill the gnoll!
The orc hits you from afar with a +1 trident of protection.
You hit the gnoll.
The gnoll is lightly wounded.
The gnoll hits you but does no damage.
The orc hits you from afar with a +1 trident of protection.
* * * LOW HITPOINT WARNING * * *
You sock the gnoll!
The gnoll is severely wounded.
The gnoll hits you with a +0 whip.
* * * LOW HITPOINT WARNING * * *
You block the orc's attack.
You hit the gnoll but do no damage.
The gnoll is severely wounded.
The gnoll hits you with a +0 whip!
* * * LOW HITPOINT WARNING * * *
You block the orc's attack. The gnoll hits you with a +0 whip.
You die...

##### ######.# $.o .<.....#
#g# ######## #@# ### ### ####
#)# ##.###.####...
############.###...#...##....
#.............#..#.#.#..##)#.
#.##########.##..#.#.#..##.#.
#.#.......[#.##..#####..##.#(
#.#.######.#####..#.#..####..
#.#.# #.##..##.....##..##.
#.#.# ###....##...##....##


You could see a gnoll and an orc.

Vanquished Creatures
  A black bear (D:4)
  An ogre (D:4)
  A water moccasin skeleton (D:4)
  An iguana (D:4)
  5 gnolls
  7 adders
  A white imp (D:3)
  An ufetubus (D:4)
  2 worms (D:3)
  5 dart slugs
  6 orcs
  4 ball pythons
  3 bats
  9 endoplasms
  7 giant cockroaches
  4 goblins
  9 hobgoblins
  2 jackals (D:2)
  7 kobolds
  3 quokkas
  2 frilled lizards
  A goblin skeleton (D:3)
  2 goblin zombies (D:3)
  2 hobgoblin zombies (D:3)
  A kobold skeleton (D:3)
  2 kobold zombies (D:3)
  An orc skeleton (D:3)
  An orc zombie (D:3)
  6 rats
97 creatures vanquished.

Vanquished Creatures (others)
  41 plants (D:2)
41 creatures vanquished.

Grand Total: 138 creatures vanquished

Notes
Turn   | Place    | Note
-------+----------+-------------------------------------------
     0 | D:1      | kobby the Gnoll Wanderer began the quest for the Orb.
     0 | D:1      | kobby set off with the following items: a +0 mace, a +2
                  | scale mail
     0 | D:1      | Reached XP level 1. HP: 17/17 MP: 4/4
     3 | D:1      | Noticed an electric eel
     4 | D:1      | Noticed an electric eel
   388 | D:1      | Reached XP level 2. HP: 17/23 MP: 5/5
  1198 | D:1      | Reached XP level 3. HP: 28/28 MP: 7/7
  1571 | D:2      | Reached skill level 1 in Invocations
  1589 | D:2      | Reached skill level 1 in Short Blades
  1589 | D:2      | Reached skill level 1 in Long Blades
  1589 | D:2      | Reached skill level 1 in Axes
  1589 | D:2      | Reached skill level 1 in Polearms
  1589 | D:2      | Reached skill level 1 in Staves
  1589 | D:2      | Reached skill level 1 in Slings
  1589 | D:2      | Reached skill level 1 in Bows
  1589 | D:2      | Reached skill level 1 in Crossbows
  1589 | D:2      | Reached skill level 1 in Dodging
  1589 | D:2      | Reached skill level 1 in Shields
  1589 | D:2      | Reached skill level 1 in Unarmed Combat
  1589 | D:2      | Reached skill level 1 in Evocations
  1593 | D:2      | Reached XP level 4. HP: 30/34 MP: 8/8
  1630 | D:2      | Found an opulent altar of Gozag.
  1867 | D:2      | Reached skill level 1 in Conjurations
  1867 | D:2      | Reached skill level 1 in Summonings
  1867 | D:2      | Reached skill level 1 in Necromancy
  1867 | D:2      | Reached skill level 1 in Translocations
  1867 | D:2      | Reached skill level 1 in Transmutations
  1867 | D:2      | Reached skill level 1 in Fire Magic
  1867 | D:2      | Reached skill level 1 in Ice Magic
  1867 | D:2      | Reached skill level 1 in Air Magic
  1867 | D:2      | Reached skill level 1 in Earth Magic
  1867 | D:2      | Reached skill level 1 in Poison Magic
  2622 | D:3      | Found a faded altar of an unknown god.
  2666 | D:3      | Found Iziu's Armour Emporium.
  2920 | D:3      | Found a glowing golden altar of the Shining One.
  2929 | D:3      | Reached XP level 5. HP: 40/40 MP: 9/9
  2961 | D:3      | Became a worshipper of the Shining One
  3008 | D:3      | Found a stormy altar of Qazlal.
  3663 | D:4      | Noticed a black bear
  3667 | D:4      | Gained mutation: You have sharp fingernails. [potion of
                  | mutation]
  3667 | D:4      | Gained mutation: Your mind is acute. (Int +2) [potion of
                  | mutation]
  3672 | D:4      | Killed a black bear
  3673 | D:4      | Reached XP level 6. HP: 25/47 MP: 9/11
  3847 | D:4      | Reached skill level 5 in Maces & Flails
  3847 | D:4      | Reached skill level 5 in Armour
  4341 | D:4      | Reached XP level 7. HP: 52/52 MP: 12/12
  4348 | D:4      | Found a staircase to the Ecumenical Temple.
  4480 | D:4      | Identified the +1 robe "Keun" {rC++ SInv}
  4533 | D:4      | Slain by a gnoll

Illustrated notes

Levels and vault maps discovered:
D:1:      arrival_aquarium_b, layout_basic, minmay_fountain_box
D:2:      layout_loops_ring, basic_altar, serial_bayou, serial_bayou_shore_a,
          serial_bayou_crossing, serial_bayou_pond_a, serial_bayou_pond_b,
          serial_bayou_lake_a, serial_bayou_pond_d, minmay_cut_off
D:3:      layout_loops_ring, grunt_qazlal_sundering,
          nicolae_tso_besieged_by_evil, serial_aquarium,
          aquarium_bridge_straight [aquarium_subvault_bridge,
          aquarium_subvault_window, aquarium_subvault_bridge,
          aquarium_subvault_wall], aquarium_window_1, aquarium_window_fake,
          aquarium_view_2d, aquarium_view_2c, serial_shops, shop_coins,
          chequers_ecumenical_altar_simple
D:4:      layout_loops_ring, minmay_temple_entry_poolview, minmay_puff

Skill      XL: |  1  2  3  4  5  6 |
---------------+-------------------+-----
Invocations    | 1 2 |  2.5
Short Blades   | 1 2 |  2.2
Long Blades    | 1 2 |  2.2
Axes           | 1 2 |  2.2
Polearms       | 1 2 |  2.2
Staves         | 1 2 |  2.2
Slings         | 1 2 |  2.2
Bows           | 1 2 |  2.2
Crossbows      | 1 2 |  2.2
Dodging        | 1 2 |  2.2
Shields        | 1 2 |  2.2
Unarmed Combat | 1 2 |  2.2
Evocations     | 1 2 |  2.2
Spellcasting   | 3 |  3.6
Conjurations   | 1 |  1.8
Summonings     | 1 |  1.8
Necromancy     | 1 |  1.8
Translocations | 1 |  1.8
Transmutations | 1 |  1.8
Fire Magic     | 1 |  1.8
Ice Magic      | 1 |  1.8
Air Magic      | 1 |  1.8
Earth Magic    | 1 |  1.8
Poison Magic   | 1 |  1.8
Fighting       | 3 |  3.4
Throwing       | 3 |  3.4
Stealth        | 3 |  3.3
Hexes          | 4 |  4.2
Maces & Flails | 5 |  5.1
Armour         | 5 |  5.1

Action                   |  1- 3 |  4- 6 |  7- 9 || total
-------------------------+-------+-------+-------++-------
Melee: Mace              |    86 |   181 |    22 ||   289
       Bite              |     7 |     9 |     2 ||    18
       Punch             |       |     2 |       ||     2
Throw: Dart              |       |     2 |       ||     2
  Use: Scroll            |     5 |     3 |     1 ||     9
       Potion            |       |     1 |       ||     1
Armor: Scale mail        |    44 |    77 |     5 ||   126
Dodge: Dodged            |    45 |    78 |     5 ||   128
Block: Other             |    12 |    40 |     8 ||    60
       Reflection        |       |     1 |       ||     1
